 Dungeon Crawl Stone Soup version 0.27-b1-23-g44b8eac545 (webtiles) character file.

Game seed: 12650230415327701980

6 ABBCCCDDDD the Caller (level 1, 0/12 HPs)
             Began as a Gargoyle Summoner on July 27, 2021.
             Slain by a jackal (2 damage)
             ... on level 1 of the Dungeon.
             The game lasted 00:01:26 (412 turns).

ABBCCCDDDD the Caller (Gargoyle Summoner)            Turns: 412, Time: 00:01:27

Health: 0/12       AC:  4    Str: 11    XL:     1   Next: 90%
Magic:  1/3        EV: 11    Int: 15    God:
Gold:   9          SH:  0    Dex: 10    Spells: 3/4 levels left

rFire    . . .     SeeInvis .   c - +0 club
rCold    . . .     Faith    .   (no shield)
rNeg     + . .     Spirit   .   a - +0 robe
rPois    ∞         Reflect  .   (no helmet)
rElec    +         Harm     .   (no cloak)
rCorr    .         Rampage  .   (no gloves)
Will     .....                  (no boots)
Stlth    ++........             (no amulet)
HPRegen  0.04/turn              (no ring)
MPRegen  0.08/turn              (no ring)

@: no status effects
A: sickness immunity, AC +2, negative energy resistance 1, electricity
resistance, torment resistance 1, petrification resistance
a: no special abilities


You were on level 1 of the Dungeon.
You visited 1 branch of the dungeon, and saw 1 of its levels.

You collected 9 gold pieces.

Inventory:

Hand Weapons
 c - a +0 club (weapon)
Armour
 a - a +0 robe (worn)
Scrolls
 b - a scroll of blinking {unknown}
 d - a scroll of teleportation {unknown}


   Skills:
 + Level 1.5 Fighting
 - Level 1.5 Dodging
 - Level 2.1 Stealth
 - Level 2.0 Spellcasting
 - Level 3.6 Summonings


You had 3 spell levels left.
You knew the following spells:

 Your Spells              Type           Power      Damage    Failure   Level
a - Summon Small Mammal   Summ           48%        N/A       4%          1

Your spell library contained the following spells:

 Spells                   Type           Power      Damage    Failure   Level
 Call Imp                 Summ           12%        N/A       8%          2
 Call Canine Familiar     Summ           12%        N/A       16%         3
 Summon Guardian Golem    Hex/Summ       6%         N/A       32%         3
 Summon Lightning Spire   Summ/Air       6%         N/A       71%         4


Dungeon Overview and Level Annotations

Branches:
Dungeon (1/15)

Altars:


Innate Abilities, Weirdness & Mutations

You are immune to sickness and miasma.
Your stone body is resilient. (AC +2)
You are immune to poison.
You resist negative energy. (rN+)
You are resistant to electric shocks. (rElec)
You are resistant to unholy torment.
You are immune to petrification.


Message History

Your bat hits the jackal.
Your bat hits the jackal but does no damage.
Something completely misses your bat.
You closely miss the jackal.
The jackal is severely wounded.
Your bat hits the jackal but does no damage.
The jackal bites you but does no damage.
The jackal misses you.
Your bat hits the jackal.
Your quokka bites the jackal but does no damage.
The jackal bites your quokka. The jackal misses you.
The jackal closely misses your bat.
Your quokka closely misses the jackal.
You catch the helpless jackal completely off-guard!
You hit the jackal but do no damage.
The jackal is severely wounded.
Your bat misses the jackal.
Your bat hits the jackal but does no damage.
The jackal bites you but does no damage.
The jackal closely misses you. The jackal barely misses your bat.
Your bat hits the jackal but does no damage.
Your quokka bites the jackal.
The jackal closely misses you. The jackal completely misses you.
You hit the jackal.
You kill the jackal!
Your bat hits the jackal. The jackal closely misses you.
You barely miss the jackal.
The jackal is heavily wounded.
Your bat hits the jackal but does no damage.
The jackal barely misses your bat.
Your bat hits the jackal. The jackal bites you. The jackal misses your bat.
Your quokka barely misses the jackal.
Your bat hits the jackal but does no damage.
You barely miss the jackal.
The jackal is heavily wounded.
Your bat barely misses the jackal.
Your bat closely misses the jackal.
The jackal bites you.
* * * LOW HITPOINT WARNING * * *
The jackal completely misses you.
Your quokka bites the jackal but does no damage.
The jackal bites you.
You die...

..##<.......g..g..#
..#######.......###
..##.##.##..♣..###
..##.....##...##.# ..
#######(..##.##..# ... #
#...†..###...# ..#. #
##.#..........# #.>..
###..#.....†...r####.....
##...##.........@h#.†..#..
...##############h#.#....#
#### ##......# ###
#..b#..###. ..#
####.#.#...(.. #.#
#............# .#
###.#......###.. #
#######.....##.### #
........#...##.#


You could see 2 jackals, a friendly quokka (summoned) and a friendly bat
(summoned).

Vanquished Creatures
  An endoplasm (D:1)
  A goblin (D:1)
  A jackal (D:1)
  A rat (D:1)
4 creatures vanquished.

Vanquished Creatures (collateral kills)
  A ball python (D:1)
  An endoplasm (D:1)
  A hobgoblin (D:1)
3 creatures vanquished.

Grand Total: 7 creatures vanquished

Notes
Turn   | Place    | Note
-------+----------+-------------------------------------------
     0 | D:1      | ABBCCCDDDD the Gargoyle Summoner began the quest for the
                  | Orb.
     0 | D:1      | Reached XP level 1. HP: 10/10 MP: 3/3
   281 | D:1      | Reached skill level 1 in Fighting
   412 | D:1      | Slain by a jackal

Illustrated notes

Levels and vault maps discovered:
D:1:      amcnicky_arrival_feature_with_door, layout_rooms, grunt_decor_junction

Skill      XL: |  1 |
---------------+----+-----
Fighting       | 1 |  1.5
Dodging        | |  1.5
Stealth        | |  2.1
Spellcasting   | |  2.0
Summonings     | |  3.6

Action                   || total
-------------------------++-------
Melee: Club              ||    15
       Unarmed           ||    12
 Cast: Summon Small Mamm ||    16
 Stab: Distracted        ||     2
Armor: Robe              ||    14
Dodge: Dodged            ||    25
